 Dungeon Crawl Stone Soup version 0.21.1-1-g345015f (webtiles) character file.

30 Supreme the Magician (level 3, 0/19 HPs)
             Began as a Deep Elf Wizard on Apr 26, 2018.
             Slain by an adder (2 damage)
             ... on level 2 of the Dungeon.
             The game lasted 00:08:57 (695 turns).

Supreme the Magician (Deep Elf Wizard)               Turns: 695, Time: 00:08:58

Health: 0/19       AC:  2    Str:  4    XL:     3   Next: 5%
Magic:  1/12       EV: 13    Int: 23    God:
Gold:   41         SH:  0    Dex: 13    Spells: 0/13 levels left

rFire    . . .     SeeInvis .   h - +0 dagger
rCold    . . .     Gourm    .   (no shield)
rNeg     . . .     Faith    .   a - +0 robe
rPois    .         Spirit   .   b - +0 hat
rElec    .         Reflect  .   (no cloak)
rCorr    .         Harm     .   (no gloves)
MR       .....                  (no boots)
Stlth    ++........             (no amulet)
HPRegen  0.06/turn              (no ring)
MPRegen  0.13/turn              (no ring)

@: lethally poisoned (0 -> -8), very slightly contaminated
A: no striking features
a: no special abilities


You were on level 2 of the Dungeon.
You were not hungry.

You visited 1 branch of the dungeon, and saw 2 of its levels.

You collected 41 gold pieces.

Inventory:

Hand Weapons
 h - a +0 dagger (weapon)
 l - a +0 antimagic dagger
 n - a +1 vampiric dagger
 r - a +0 hunting sling
Missiles
 j - 37 stones (quivered)
Armour
 a - a +0 robe (worn)
 b - a +0 hat (worn)
Jewellery
 g - an uncursed ring of ice
Scrolls
 e - a scroll of identify {unknown}
 m - 2 scrolls of remove curse {unknown}
 q - a scroll of amnesia {unknown}
 t - a scroll of enchant weapon {unknown}
 u - 2 scrolls of fog {unknown}
Potions
 f - a potion of flight {unknown}
 i - 2 potions of resistance {unknown}
 k - a potion of magic {unknown}
 o - a potion of agility {unknown}
 p - a potion of curing {unknown}
Books
 c - a book of Minor Magic

   Spells                             Type                      Level
   a - Magic Dart                     Conjuration                  1
   b - Blink                          Translocation                2
   c - Call Imp                       Summoning                    2
   d - Slow                           Hexes                        2
   e - Conjure Flame                  Conjuration/Fire             3
   f - Mephitic Cloud                 Conjuration/Poison/Air       3
Comestibles
 d - 3 rations
 s - 4 chunks of flesh


   Skills:
 + Level 2.5 Dodging
 + Level 2.7 Stealth
 + Level 5.5 Spellcasting
 + Level 1.4 Conjurations
 + Level 1.1 Summonings
 + Level 1.1 Translocations


You couldn't memorise any spells.
You knew the following spells:

 Your Spells              Type           Power        Failure   Level  Hunger
a - Magic Dart            Conj           ##..         4%          1    None
b - Blink                 Tloc           N/A          9%          2    None
c - Call Imp              Summ           ##......     9%          2    None
d - Slow                  Hex            #.......     14%         2    None
e - Conjure Flame         Conj/Fire      #.......     21%         3    ##.....
f - Mephitic Cloud        Conj/Pois/Air  #.......     22%         3    ##.....


Dungeon Overview and Level Annotations

Branches:
Dungeon (2/15)

Altars:


Message History

Your crimson imp barely misses the worm.
The bat closely misses you.
You closely miss the adder.
The adder is lightly wounded.
The bat hits you but does no damage. The bat misses you. The adder bites you.
You are more poisoned.
The adder poisons you!
Your crimson imp closely misses the worm.
The bat hits you but does no damage.
You barely miss the adder.
The adder is lightly wounded.
You feel sick. The adder bites you. The bat hits you but does no damage.
Your crimson imp hits the worm.
The adder bites you.
* * * LOW HITPOINT WARNING * * *
Unknown command.
You hit the adder.
The adder is heavily wounded.
* * * LOW HITPOINT WARNING * * *
You feel sick. The bat misses you. The adder bites you.
You die...

### ..# #.# ###+#.# ###
####### #...(.####.... ##
....... #..รท.>........
..
r.......####....Sb.......
................@####....
##
...........5w...........#
#.
......................#.
#.
..?...................#
#.
........#.............#
#.
........#...##........#
#.
......................#
#.
......................#
#. ##..................
+.


You could see a worm, an adder, a bat and a friendly crimson imp.

Vanquished Creatures
  A leopard gecko (D:1)
  3 bats
  A giant cockroach (D:2)
  6 goblins (D:1)
  4 hobgoblins (D:1)
  3 kobolds
  A quokka (D:2)
  3 frilled lizards
  4 rats (D:1)
26 creatures vanquished.

Vanquished Creatures (collateral kills)
  A hobgoblin (D:1)
1 creature vanquished.

Grand Total: 27 creatures vanquished

Notes
Turn   | Place    | Note
-------+----------+-------------------------------------------
     0 | D:1      | Supreme the Deep Elf Wizard began the quest for the Orb.
     0 | D:1      | Reached XP level 1. HP: 10/10 MP: 7/7
   123 | D:1      | Reached skill level 5 in Spellcasting
   136 | D:1      | Reached XP level 2. HP: 15/15 MP: 0/10
   140 | D:1      | Learned a level 2 spell: Blink
   143 | D:1      | Learned a level 2 spell: Call Imp
   146 | D:1      | Learned a level 2 spell: Slow
   636 | D:2      | Reached XP level 3. HP: 19/19 MP: 8/12
   646 | D:2      | Learned a level 3 spell: Conjure Flame
   650 | D:2      | Learned a level 3 spell: Mephitic Cloud
   695 | D:2      | Slain by an adder

Skill      XL: |  1 |
---------------+----+-----
Spellcasting   | 5 |  5.5
Dodging        | |  2.5
Stealth        | |  2.7
Conjurations   | |  1.4
Summonings     | |  1.1
Translocations | |  1.1

Action                   || total
-------------------------++-------
Melee: Dagger            ||    17
 Cast: Magic Dart        ||    55
       Call Imp          ||     4
       Blink             ||     1
 Stab: Sleeping          ||     1
Armor: Robe              ||    17
Dodge: Dodged            ||    35
